EL
ALTOONA CURVE @ TRENTON THUNDER
09/01/2098
 
TOP OF THE 1ST
Altoona Curve batting - Pitching for Trenton Thunder : LHP Justin Ferriss
Pitching: LHP Justin Ferriss
Batting: LHB Dustin McKenna 0-0: Ball
1-0: Foul Ball, location: 3FF
1-1: Foul Ball, location: 23F
1-2: Ball
2-2: Strikes out looking
Batting: RHB Julio Rodriguez 0-0: Ball
1-0: Ground out 6-3 (Groundball, 6M, EV 98.8 MPH)
Batting: LHB Joe Williams 0-0: Called Strike
0-1: Ball
1-1: Ball
2-1: Ground out 6-3 (Groundball, 6S, EV 83.8 MPH)
Top of the 1st over - 0 runs, 0 hits, 0 errors, 0 left on base; Altoona 0 - Trenton 0
BOTTOM OF THE 1ST
Trenton Thunder batting - Pitching for Altoona Curve : RHP Chris Recht
Pitching: RHP Chris Recht
Batting: RHB Ryan Ginsburg 0-0: Ball
1-0: Foul Ball, location: 9LMF
1-1: Called Strike
1-2: SINGLE (Line Drive, 6M, EV 98.8 MPH)
Batting: RHB David Shamp 0-0: Ball
Ryan Ginsburg steals 2nd base
1-0: Called Strike
1-1: Ball
2-1: Fly out, F8 (Flyball, 8RS, EV 92.5 MPH)
Batting: LHB John Merryman 0-0: Ball
1-0: Called Strike
1-1: Ground out 2-3 (Groundball, 2L, EV 69.4 MPH)
Batting: LHB Jose Berumen 0-0: Called Strike
0-1: Called Strike
0-2: Ball
1-2: Foul Ball, location: 23F
1-2: Ball
2-2: SINGLE (Line Drive, 8LS, EV 107.5 MPH)
Ryan Ginsburg to third
Runner from 3rd tries for Home, SAFE, throw by CF to home
Jose Berumen to second
Batting: RHB George McEneaney 0-0: 2-RUN HOME RUN (Flyball, 7D, EV 111.3 MPH), Distance : 416 ft
Batting: RHB Matt Null 0-0: Ball
1-0: Called Strike
1-1: Called Strike
1-2: Ball
2-2: Foul Ball, location: 9LMF
2-2: Foul Ball, location: 2F
2-2: Foul Ball, location: 5SF
2-2: Ball
3-2: Ground out 6-3 (Groundball, 6, EV 83.1 MPH)
Bottom of the 1st over - 3 runs, 3 hits, 0 errors, 0 left on base; Altoona 0 - Trenton 3
TOP OF THE 2ND
Altoona Curve batting - Pitching for Trenton Thunder : LHP Justin Ferriss
Batting: RHB Jeff Morgan 0-0: Called Strike
0-1: Called Strike
0-2: Strikes out swinging
Batting: LHB Tommy Marcinczyk Jr. 0-0: Called Strike
0-1: Ground out 6-3 (Groundball, 6M, EV 81.3 MPH)
Batting: LHB Jimmy O'Banion 0-0: Ball
1-0: Foul Ball, location: 2F
1-1: Fly out, F8 (Flyball, 8RM, EV 91.3 MPH)
Top of the 2nd over - 0 runs, 0 hits, 0 errors, 0 left on base; Altoona 0 - Trenton 3
BOTTOM OF THE 2ND
Trenton Thunder batting - Pitching for Altoona Curve : RHP Chris Recht
Batting: RHB Nick Moses 0-0: Ball
1-0: Ball
2-0: Called Strike
2-1: Foul Ball, location: 25FF
2-2: Fly out, F7 (Flyball, 78XD, EV 103.1 MPH)
Batting: RHB Jack Duval 0-0: Ball
1-0: Ball
2-0: Foul Ball, location: 9LMF
2-1: Ball
3-1: Ground out 4-3 (Groundball, 4, EV 90.6 MPH)
Batting: RHB Brett Bresnahan 0-0: Ball
1-0: Fly out, F9 (Flyball, 9D, EV 80.0 MPH)
Bottom of the 2nd over - 0 runs, 0 hits, 0 errors, 0 left on base; Altoona 0 - Trenton 3
TOP OF THE 3RD
Altoona Curve batting - Pitching for Trenton Thunder : LHP Justin Ferriss
Batting: RHB Kyle Alvarez 0-0: Ball
1-0: Ground out U3 (Groundball, 34, EV 97.5 MPH)
Batting: SHB Todd Combs 0-0: Ground out 6-3 (Groundball, 6M, EV 108.1 MPH)
Batting: RHB Danny Gennari 0-0: Swinging Strike
0-1: Ball
1-1: Ball
2-1: Called Strike
2-2: Strikes out swinging
Top of the 3rd over - 0 runs, 0 hits, 0 errors, 0 left on base; Altoona 0 - Trenton 3
BOTTOM OF THE 3RD
Trenton Thunder batting - Pitching for Altoona Curve : RHP Chris Recht
Batting: RHB Ryan Ginsburg 0-0: SINGLE (Line Drive, 4D, EV 103.8 MPH)
Batting: RHB David Shamp 0-0: Ball
1-0: Called Strike
1-1: Grounds into double play, 4-6-3 (Groundball, 4, EV 84.4 MPH)
Batting: LHB John Merryman 0-0: Swinging Strike
0-1: Foul Ball, location: 2F
0-2: Ball
1-2: Ground out U3 (Groundball, 3L, EV 81.3 MPH)
Bottom of the 3rd over - 0 runs, 1 hit, 0 errors, 0 left on base; Altoona 0 - Trenton 3
TOP OF THE 4TH
Altoona Curve batting - Pitching for Trenton Thunder : LHP Justin Ferriss
Batting: LHB Dustin McKenna 0-0: Foul Ball, location: 7LDF
0-1: Ball
1-1: Ball
2-1: Swinging Strike
2-2: Strikes out swinging
Batting: RHB Julio Rodriguez 0-0: Ball
1-0: Ground out 3-1 (Groundball, 34S, EV 88.8 MPH)
Batting: LHB Joe Williams 0-0: Ball
1-0: Called Strike
1-1: Ball
2-1: Foul Ball, location: 2F
2-2: SINGLE (Line Drive, 6D, EV 99.4 MPH)
Batting: RHB Jeff Morgan 0-0: Called Strike
0-1: Swinging Strike
0-2: Ball
1-2: Ball
2-2: DOUBLE (Groundball, 5L, EV 101.9 MPH)
Joe Williams to third
Batting: LHB Tommy Marcinczyk Jr. 0-0: Hit by Pitch
Batting: LHB Jimmy O'Banion 0-0: Ball
1-0: Swinging Strike
1-1: Ball
2-1: Fly out, F8 (Flyball, 8LD, EV 99.4 MPH)
Top of the 4th over - 0 runs, 2 hits, 0 errors, 3 left on base; Altoona 0 - Trenton 3
BOTTOM OF THE 4TH
Trenton Thunder batting - Pitching for Altoona Curve : RHP Chris Recht
Batting: LHB Jose Berumen 0-0: Foul Ball, location: 25FF
0-1: Foul Ball, location: 9LSF
0-2: Ball
1-2: Ball
2-2: Foul Ball, location: 2F
2-2: Fly out, F9 (Flyball, 9S, EV 86.3 MPH)
Batting: RHB George McEneaney 0-0: Ball
1-0: SINGLE (Line Drive, 89S, EV 106.9 MPH)
Batting: RHB Matt Null 0-0: Called Strike
0-1: Ball
1-1: Grounds into double play, 5-4-3 (Groundball, 5, EV 81.3 MPH)
Bottom of the 4th over - 0 runs, 1 hit, 0 errors, 0 left on base; Altoona 0 - Trenton 3
TOP OF THE 5TH
Altoona Curve batting - Pitching for Trenton Thunder : LHP Justin Ferriss
Batting: RHB Kyle Alvarez 0-0: Ball
1-0: Foul Ball, location: 2F
1-1: SINGLE (Groundball, 4S, EV 67.5 MPH)
Batting: SHB Todd Combs 0-0: Ball
1-0: Called Strike
1-1: Foul Ball, location: 5SF
1-2: Ball
2-2: SINGLE (Groundball, 56, EV 99.4 MPH)
Kyle Alvarez to second
Batting: RHB Danny Gennari 0-0: Ball
1-0: Swinging Strike
1-1: Fly out, F9 (Flyball, 9, EV 91.3 MPH)
Batting: LHB Dustin McKenna 0-0: Ball
1-0: Ball
2-0: Ball
3-0: Base on Balls
Kyle Alvarez to third
Todd Combs to second
Batting: RHB Julio Rodriguez 0-0: Ball
1-0: Ball
2-0: Swinging Strike
2-1: Ball
3-1: Called Strike
3-2: Base on Balls
Kyle Alvarez scores
Todd Combs to third
Dustin McKenna to second
Batting: LHB Joe Williams 0-0: Ball
1-0: Ball
2-0: Swinging Strike
2-1: Foul Ball, location: 2F
2-2: Foul Ball, location: 7LDF
2-2: Ball
3-2: Foul Ball, location: 2F
3-2: Strikes out looking
Batting: RHB Jeff Morgan 0-0: Ball
1-0: Ball
2-0: Ball
3-0: Base on Balls
Todd Combs scores
Dustin McKenna to third
Julio Rodriguez to second
Batting: LHB Tommy Marcinczyk Jr. 0-0: Called Strike
0-1: Ball
1-1: Foul Ball, location: 2F
1-2: Foul Ball, location: 5DF
1-2: Ball
2-2: Ground out 5-3 (Groundball, 56S, EV 85.6 MPH)
Top of the 5th over - 2 runs, 2 hits, 0 errors, 3 left on base; Altoona 2 - Trenton 3
BOTTOM OF THE 5TH
Trenton Thunder batting - Pitching for Altoona Curve : RHP Chris Recht
Batting: RHB Nick Moses 0-0: Foul Ball, location: 2F
0-1: Called Strike
0-2: Ball
1-2: Ball
2-2: Ball
3-2: Base on Balls
Batting: RHB Jack Duval 0-0: Fielders Choice at 2nd, 6-4 (Groundball, 6, EV 104.4 MPH)
Batting: RHB Brett Bresnahan 0-0: Ball
1-0: Called Strike
1-1: Ball
2-1: Called Strike
Jack Duval steals 2nd base
2-2: Strikes out swinging
Batting: RHB Ryan Ginsburg 0-0: Called Strike
0-1: Foul Ball, location: 2F
0-2: Ball
1-2: Ball
2-2: Ground out 6-3 (Groundball, 6, EV 76.3 MPH)
Bottom of the 5th over - 0 runs, 0 hits, 0 errors, 1 left on base; Altoona 2 - Trenton 3
TOP OF THE 6TH
Altoona Curve batting - Pitching for Trenton Thunder : LHP Justin Ferriss
Batting: LHB Jimmy O'Banion 0-0: Foul Ball, location: 3F
0-1: SINGLE (Groundball, 6M, EV 88.8 MPH) (infield hit)
Batting: RHB Kyle Alvarez 0-0: Called Strike
0-1: Ball
1-1: Fly out, F8 (Flyball, 8LD, EV 76.9 MPH)
Runner from 1st tags up, SAFE at 2nd
Batting: SHB Todd Combs 0-0: Foul Ball, location: 9LMF
0-1: Ball
1-1: Swinging Strike
1-2: Ball
2-2: Strikes out swinging
Pitching: RHP John Hall
Batting: RHB Danny Gennari 0-0: SINGLE (Groundball, 6M, EV 90.0 MPH)
Jimmy O'Banion to third
Runner from 3rd tries for Home, SAFE, throw by CF to home
Batting: LHB Dustin McKenna 0-0: Called Strike
0-1: Swinging Strike
0-2: Strikes out swinging
Top of the 6th over - 1 run, 2 hits, 0 errors, 1 left on base; Altoona 3 - Trenton 3
BOTTOM OF THE 6TH
Trenton Thunder batting - Pitching for Altoona Curve : RHP Chris Recht
Pitching: RHP Ryan Colon
Batting: RHB David Shamp 0-0: Ball
1-0: Fly out, F9 (Flyball, 9D, EV 104.4 MPH)
Batting: LHB John Merryman 0-0: Ball
1-0: Swinging Strike
1-1: Ball
2-1: Ball
3-1: Ground out 5-3 (Groundball, 5, EV 85.6 MPH)
Batting: LHB Jose Berumen 0-0: Ball
1-0: Foul Ball, location: 2F
1-1: Ball
2-1: Ground out 1-3 (Groundball, 13S, EV 68.1 MPH)
Bottom of the 6th over - 0 runs, 0 hits, 0 errors, 0 left on base; Altoona 3 - Trenton 3
TOP OF THE 7TH
Altoona Curve batting - Pitching for Trenton Thunder : RHP John Hall
Batting: RHB Julio Rodriguez 0-0: Ball
1-0: Called Strike
1-1: Ball
2-1: Foul Ball, location: 2F
2-2: Foul Ball, location: 2F
2-2: Ball
3-2: Foul Ball, location: 2F
3-2: Strikes out looking
Batting: LHB Joe Williams 0-0: Called Strike
0-1: Ball
1-1: Fly out, F7 (Flyball, 78M, EV 80.0 MPH)
Batting: RHB Jeff Morgan 0-0: Ball
1-0: SINGLE (Flyball, 7LS, EV 94.4 MPH)
Batting: LHB Tommy Marcinczyk Jr. 0-0: Ball
1-0: Swinging Strike
1-1: Swinging Strike
1-2: Ball
2-2: Ball
3-2: Base on Balls
Jeff Morgan to second
Batting: LHB Jimmy O'Banion 0-0: Called Strike
0-1: Swinging Strike
0-2: Strikes out swinging
Top of the 7th over - 0 runs, 1 hit, 0 errors, 2 left on base; Altoona 3 - Trenton 3
BOTTOM OF THE 7TH
Trenton Thunder batting - Pitching for Altoona Curve : RHP Ryan Colon
Batting: RHB George McEneaney 0-0: Ball
1-0: Ball
2-0: Ball
3-0: Called Strike
3-1: Swinging Strike
3-2: Strikes out looking
Batting: RHB Matt Null 0-0: Foul Ball, location: 2F
0-1: Ball
1-1: Ball
2-1: Swinging Strike
2-2: Strikes out looking
Batting: RHB Nick Moses 0-0: Foul Ball, location: 2LF
0-1: Ball
1-1: Foul Ball, location: 2F
1-2: Ball
2-2: Foul Ball, location: 25FF
2-2: Fly out, F7 (Flyball, 7, EV 98.8 MPH)
Bottom of the 7th over - 0 runs, 0 hits, 0 errors, 0 left on base; Altoona 3 - Trenton 3
TOP OF THE 8TH
Altoona Curve batting - Pitching for Trenton Thunder : RHP John Hall
Pinch Hitting: SHB Greg O'Donnell 0-0: Ball
1-0: Ball
2-0: Fly out, F8 (Line Drive, 8RM, EV 91.3 MPH)
Batting: SHB Todd Combs 0-0: Called Strike
0-1: Foul Ball, location: 2F
0-2: Foul Ball, location: 7LSF
0-2: Ball
1-2: Strikes out swinging
Batting: RHB Danny Gennari 0-0: Ball
1-0: Called Strike
1-1: Swinging Strike
1-2: Hit by Pitch
Batting: LHB Dustin McKenna 0-0: Ball
1-0: Called Strike
1-1: Called Strike
1-2: Foul Ball, location: 7LSF
1-2: SINGLE (Line Drive, 9LS, EV 97.5 MPH)
Danny Gennari to second
Runner from 2nd tries for 3rd, SAFE, no throw by RF
Pitching: RHP Mike Linden
Batting: RHB Julio Rodriguez 0-0: Called Strike
0-1: Ball
1-1: Ball
2-1: Ball
3-1: Fielders Choice at 2nd, 5-4 (Groundball, 5, EV 88.1 MPH)
Top of the 8th over - 0 runs, 1 hit, 0 errors, 2 left on base; Altoona 3 - Trenton 3
BOTTOM OF THE 8TH
Trenton Thunder batting - Pitching for Altoona Curve : RHP Ryan Colon
Pitching: RHP Bobby Delgado
Now at 2B: Greg O'Donnell
Pinch Hitting: SHB Jaime Bennett 0-0: Ball
1-0: Swinging Strike
1-1: Ball
2-1: Ball
3-1: Ground out 4-3 (Groundball, 4, EV 105.0 MPH)
Batting: RHB Brett Bresnahan 0-0: Ball
1-0: Called Strike
1-1: Ball
2-1: Ground out 5-3 (Groundball, 56, EV 80.0 MPH)
Batting: RHB Ryan Ginsburg 0-0: Called Strike
0-1: Ball
1-1: Hit by Pitch
Batting: RHB David Shamp 0-0: Ball
1-0: Ball
Ryan Ginsburg steals 2nd base
2-0: Ball
3-0: Called Strike
3-1: Foul Ball, location: 3SF
3-2: Foul Ball, location: 2F
3-2: Fly out, F7 (Flyball, 7LS, EV 86.3 MPH)
Bottom of the 8th over - 0 runs, 0 hits, 0 errors, 1 left on base; Altoona 3 - Trenton 3
TOP OF THE 9TH
Altoona Curve batting - Pitching for Trenton Thunder : RHP Mike Linden
Now at 3B: Jaime Bennett
Now at SS: Matt Null
Batting: LHB Joe Williams 0-0: Ball
1-0: Called Strike
1-1: Ball
2-1: Ball
3-1: Called Strike
3-2: Foul Ball, location: 5F
3-2: Strikes out swinging
Batting: RHB Jeff Morgan 0-0: Called Strike
0-1: Swinging Strike
0-2: Foul Ball, location: 9LSF
0-2: Strikes out looking
Batting: LHB Tommy Marcinczyk Jr. 0-0: Foul Ball, location: 2F
0-1: Ball
1-1: Foul Ball, location: 2F
1-2: Foul Ball, location: 7LDF
1-2: Foul Ball, location: 2F
1-2: Ball
2-2: Ball
3-2: Fly out, F8 (Flyball, 89M, EV 91.3 MPH)
Top of the 9th over - 0 runs, 0 hits, 0 errors, 0 left on base; Altoona 3 - Trenton 3
BOTTOM OF THE 9TH
Trenton Thunder batting - Pitching for Altoona Curve : RHP Bobby Delgado
Batting: LHB John Merryman 0-0: Called Strike
0-1: Foul Ball, location: 9LMF
0-2: Fly out, F2 (Popup, 25F, EV 87.5 MPH)
Batting: LHB Jose Berumen 0-0: Ground out 6-3 (Groundball, 6M, EV 91.3 MPH)
Batting: RHB George McEneaney 0-0: Called Strike
0-1: Foul Ball, location: 3SF
0-2: Ball
1-2: Strikes out swinging, 2-3 out at first.
Bottom of the 9th over - 0 runs, 0 hits, 0 errors, 0 left on base; Altoona 3 - Trenton 3
TOP OF THE 10TH
Altoona Curve batting - Pitching for Trenton Thunder : RHP Mike Linden
Tommy Marcinczyk Jr. starts the inning at 2nd base.
Batting: LHB Jimmy O'Banion 0-0: Foul Ball, location: 7LSF
0-1: Ball
1-1: Bunted foul
1-2: Fly out, F8 (Flyball, 8LS, EV 85.6 MPH)
Batting: SHB Greg O'Donnell 0-0: Intentional Walk
Batting: SHB Todd Combs 0-0: Called Strike
0-1: Fielders Choice at 2nd, 3-6 (Groundball, 34, EV 107.5 MPH)
Tommy Marcinczyk Jr. to third
Batting: RHB Danny Gennari 0-0: Swinging Strike
0-1: Swinging Strike
0-2: Ball
1-2: Ball
2-2: Strikes out swinging
Top of the 10th over - 0 runs, 0 hits, 0 errors, 2 left on base; Altoona 3 - Trenton 3
BOTTOM OF THE 10TH
Trenton Thunder batting - Pitching for Altoona Curve : RHP Bobby Delgado
George McEneaney starts the inning at 2nd base.
Batting: RHB Matt Null 0-0: Ball
1-0: Ball
2-0: Foul Ball, location: 2F
2-1: Ball
3-1: Bunt missed!
3-2: Strikes out swinging
Batting: RHB Nick Moses 0-0: Ball
1-0: Called Strike
1-1: Fly out, F9 (Flyball, 9S, EV 86.9 MPH)
Batting: SHB Jaime Bennett 0-0: Intentional Walk
Pitching: RHP Angel Moreno
Batting: RHB Brett Bresnahan 0-0: Called Strike
0-1: Swinging Strike
0-2: Ball
1-2: Foul Ball, location: 9LMF
1-2: Ball
2-2: Fly out, F8 (Flyball, 8RD, EV 90.6 MPH)
Bottom of the 10th over - 0 runs, 0 hits, 0 errors, 2 left on base; Altoona 3 - Trenton 3
TOP OF THE 11TH
Altoona Curve batting - Pitching for Trenton Thunder : RHP Mike Linden
Danny Gennari starts the inning at 2nd base.
Batting: LHB Dustin McKenna 0-0: Intentional Walk
Batting: RHB Julio Rodriguez 0-0: Called Strike
0-1: Ball
1-1: SINGLE (Line Drive, 56, EV 95.0 MPH)
Danny Gennari to third
Dustin McKenna to second
Batting: LHB Joe Williams 0-0: Ball
1-0: Called Strike
1-1: SINGLE (Groundball, 4, EV 99.4 MPH) (infield hit)
Danny Gennari scores
Dustin McKenna to third
Julio Rodriguez to second
Batting: RHB Jeff Morgan 0-0: Called Strike
0-1: Ball
1-1: Swinging Strike
1-2: Ball
2-2: Ball
3-2: Base on Balls
Dustin McKenna scores
Julio Rodriguez to third
Joe Williams to second
Batting: LHB Tommy Marcinczyk Jr. 0-0: Grounds into double play, 5-2-3 (Groundball, 56, EV 101.3 MPH)
Joe Williams to third
Jeff Morgan to second
Batting: LHB Jimmy O'Banion 0-0: Called Strike
0-1: Ball
1-1: Ground out 5-3 (Groundball, 56, EV 85.0 MPH)
Top of the 11th over - 2 runs, 2 hits, 0 errors, 2 left on base; Altoona 5 - Trenton 3
BOTTOM OF THE 11TH
Trenton Thunder batting - Pitching for Altoona Curve : RHP Angel Moreno
Brett Bresnahan starts the inning at 2nd base.
Batting: RHB Ryan Ginsburg 0-0: Ball
1-0: Called Strike
1-1: Foul Ball, location: 2F
1-2: Ground out 5-3 (Groundball, 5S, EV 85.0 MPH)
Batting: RHB David Shamp 0-0: Ground out 6-3 (Groundball, 6, EV 85.0 MPH)
Batting: LHB John Merryman 0-0: Called Strike
0-1: Ball
1-1: Ball
2-1: Fly out, F8 (Flyball, 89M, EV 82.5 MPH)
Bottom of the 11th over - 0 runs, 0 hits, 0 errors, 1 left on base; Altoona 5 - Trenton 3
Sunday, April 14th , 2024 - OOTP Baseball 24.11 Build 85